 Dungeon Crawl Stone Soup version 0.25-a0-975-gcae8493d64 (webtiles) character file.

Game seed: 8699581274171048204, levelgen mode: deterministic

43771 Flugslaktarn the Severer (level 14, -3/127 HPs)
             Began as a Hill Orc Fighter on May 9, 2020.
             Was the Champion of Qazlal.
             Slain by a dream sheep (14 damage)
             ... led by a torpor snail
             ... on level 6 of the Lair of Beasts.
             The game lasted 00:08:27 (16197 turns).

Flugslaktarn the Severer (Hill Orc Fighter)        Turns: 16197, Time: 00:08:27

Health: -3/127     AC:  3    Str: 22    XL:     14   Next: 25%
Magic:  22/22      EV: 13    Int:  8    God:    Qazlal [******]
Gold:   654        SH:  8    Dex: 12    Spells: 13/13 levels left

rFire    . . .     SeeInvis .   (weapon currently unavailable)
rCold    . . .     Gourm    .   (shield currently unavailable)
rNeg     . . .     Faith    .   (armour currently unavailable)
rPois    .         Spirit   .   (helmet currently unavailable)
rElec    .         Reflect  .   (cloak currently unavailable)
rCorr    .         Harm     +   (gloves currently unavailable)
MR       +....                  (boots currently unavailable)
Stlth    +.........             i - amulet of harm
HPRegen  0.31/turn              (ring currently unavailable)
MPRegen  0.18/turn              (ring currently unavailable)

@: pig-form, protected from physical damage, repel missiles, very quick
A: small
a: Upheaval, Elemental Force, Disaster Area, Renounce Religion


You were on level 6 of the Lair of Beasts.
You worshipped Qazlal.
Qazlal was exalted by your worship.
You were not hungry.
You were a filthy swine.
You visited 2 branches of the dungeon, and saw 16 of its levels.

You collected 972 gold pieces.
You spent 318 gold pieces at shops.

Inventory:

Hand Weapons
 g - a +7 broad axe of electrocution (melded)
   (You acquired it on level 8 of the Dungeon)
Armour
 a - a +0 kite shield
 j - the +0 pair of fencer's gloves (melded) {Riposte Dex+3}
   (You found it on level 7 of the Dungeon)

   It affects your dexterity (+3).
 k - a +0 tower shield (melded)
   (You found it on level 1 of the Dungeon)
 A - a +0 plate armour (melded)
   (You took it off an orc warrior on level 8 of the Dungeon)
 E - a +2 helmet (melded)
   (You bought it in a shop on level 9 of the Dungeon)
 J - a +2 pair of boots (melded)
   (You found it on level 5 of the Lair of Beasts)
Jewellery
 c - a ring of protection from cold (melded)
   (You found it on level 2 of the Dungeon)
 i - an amulet of harm (around neck)
   (You found it on level 5 of the Dungeon)
 v - a +3 ring of evasion (melded)
   (You found it on level 2 of the Lair of Beasts)
 C - an uncursed ring of fire
   (You found it on level 2 of the Lair of Beasts)
 D - a +5 ring of dexterity
   (You found it on level 3 of the Lair of Beasts)
Wands
 b - a wand of iceblast (30)
   (You found it on level 6 of the Dungeon)
 u - a wand of acid (6)
   (You found it on level 7 of the Dungeon)
 y - a wand of enslavement (14)
   (You found it on level 10 of the Dungeon)
Scrolls
 o - 4 scrolls of fear
 r - a scroll of identify
 s - a scroll of magic mapping
 t - 10 scrolls of teleportation
 x - 10 scrolls of remove curse
 z - 3 scrolls of blinking
 B - a scroll of enchant armour
 G - a scroll of fog
 H - 2 scrolls of immolation
 I - a scroll of holy word {unknown}
 K - a scroll of brand weapon {unknown}
Potions
 d - 2 potions of might
 f - 3 potions of magic
 h - 3 potions of haste
 l - 3 potions of cancellation
 m - a potion of invisibility
 n - 2 potions of resistance
 p - 3 potions of flight
 q - 6 potions of curing
 w - 2 potions of heal wounds
 F - a potion of mutation
Comestibles
 e - 26 rations
 L - 12 chunks of flesh


   Skills:
 + Level 12.5 Fighting
 * Level 17.7 Axes
 + Level 11.5 Armour
 + Level 11.5 Shields
 + Level 11.7 Invocations


You had 13 spell levels left.
You didn't know any spells.
Your spell library was empty.

Dungeon Overview and Level Annotations

Branches:
Dungeon (10/15)            Temple (0/1) D:7            Lair (6/6) D:10
 Shoals (0/4) Lair:4        Snake (0/4) Lair:2
  Slime: Lair:5-6       Orc: D:9-12

Altars:
Dithmenos
Gozag
Kikubaaqudgha
Qazlal
Trog
Vehumet
Wu Jian
The Shining One

Shops:
D:7 }   D:9 *

Portals:
Trove: D:10 (give 16 scrolls of teleportation)

Annotations:
D:4 2 transporters
Lair:1 exclusion: oklob plant
Lair:6 Kirke


Message History

The wyvern bites you but does no damage.
Kirke casts a spell.
Kirke flickers and vanishes!
Deactivating autopickup; reactivate with Ctrl-A.
The black mamba is engulfed in blazing flames.
The black mamba barely misses you. The wyvern closely misses you.
Something hits you!!!
You wake up.
The black mamba is engulfed in blazing flames.
The black mamba misses you. The wyvern closely misses you.
You block the dream sheep's attack. Something hits you!
* * * LOW HITPOINT WARNING * * *
You feel more protected from physical attacks.
The yak gores the plant!
A hell hound comes into view.
There is a stone staircase leading up here.
You hear an angry hiss.
The black mamba closely misses you. The black mamba bites you!!
* * * LOW HITPOINT WARNING * * *
The dream sheep bites you!
You die...

# ......#
###.#.....P#
..#......##
#.†.......
##h°....##
##.†......#
#..lYP.#..P
###.SY○.....
###.§.h.°.....
###....°.P...##.
#.....☼.○.####
#..†.#....##
##...#......#
#..........#
##..........#
##..†.......#
#..###.....P


You could see a black mamba, a yak, a hell hound, a wyvern and a dream sheep.

Vanquished Creatures
  Josephine (D:10)
  2 hydras
  5 two-headed ogres
  9 death yaks
  Nergalle (Lair:2)
  A manticore (Lair:4)
  An orc sorcerer (D:7)
  2 centaur zombies
  An ice statue (Lair:2)
  2 black mambas
  A torpor snail (Lair:6)
  A molten gargoyle (Lair:6)
  6 spiny frogs
  A freezing wraith (Lair:2)
  8 komodo dragons
  2 guardian mummies (D:10)
  A troll (D:9)
  A queen bee (D:8)
  A polar bear (Lair:2)
  8 dream sheep
  21 blink frogs
  6 hippogriffs
  45 yaks
  4 basilisks
  A wyvern (Lair:4)
  5 wraiths
  5 hogs (Lair:6)
  A hungry ghost (D:9)
  Grum (Lair:1)
  4 nagas (Lair:2)
  11 water moccasins
  A hell hound (Lair:6)
  4 porcupines
  2 black bears (D:7)
  5 orc warriors
  6 ice beasts (Lair:2)
  2 phantoms
  3 sky beasts
  3 wolves (Lair:1)
  2 necrophages (D:7)
  3 ogres
  5 centaurs
  8 crocodiles
  2 big kobolds
  A wyvern zombie (D:7)
  11 bullfrogs
  3 scorpions
  22 killer bees
  3 electric eels
  8 howler monkeys
  5 crimson imps
  A quasit (D:8)
  4 human zombies (D:7)
  7 hounds
  A bullfrog skeleton (D:5)
  4 orc priests
  2 jellies
  A centaur skeleton (D:4)
  5 iguanas
  9 orc wizards
  3 human skeletons (D:7)
  5 worker ants
  An ogre zombie (D:7)
  2 hound zombies
  2 hound skeletons
  A worker ant zombie (D:5)
  A howler monkey skeleton (D:10)
  10 adders
  2 shadow imps
  3 white imps (Lair:2)
  An adder zombie (D:6)
  An adder skeleton (D:5)
  4 worms
  A dart slug (D:3)
  4 leopard geckos
  42 orcs
  3 giant cockroaches
  6 goblins
  8 hobgoblins
  2 jackals (D:9)
  19 kobolds
  2 quokkas
  A ball python (D:4)
  8 bats
  10 frilled lizards
  A leopard gecko skeleton (D:5)
  2 quokka skeletons (D:5)
  12 rats
  2 fungi
  2 plants
453 creatures vanquished.

Vanquished Creatures (others)
  3 fungi
  4 toadstools (D:2)
7 creatures vanquished.

Grand Total: 460 creatures vanquished

Notes
Turn   | Place    | Note
-------+----------+-------------------------------------------
     0 | D:1      | Flugslaktarn the Hill Orc Fighter began the quest for the
                  | Orb.
     0 | D:1      | Reached XP level 1. HP: 19/19 MP: 1/1
   195 | D:1      | Reached skill level 3 in Axes
   234 | D:1      | Reached XP level 2. HP: 27/27 MP: 2/2
   951 | D:2      | Reached XP level 3. HP: 33/33 MP: 3/3
  1373 | D:2      | Reached skill level 4 in Axes
  1373 | D:2      | Reached XP level 4. HP: 35/40 MP: 4/4
  2239 | D:3      | Reached XP level 5. HP: 47/47 MP: 5/5
  2333 | D:3      | Found a glowing golden altar of the Shining One.
  2756 | D:3      | Reached skill level 5 in Axes
  3618 | D:4      | Reached XP level 6. HP: 53/55 MP: 6/6
  3730 | D:4      | Found a transporter.
  3730 | D:4      | Found a bloodstained altar of Trog.
  3731 | D:4      | Noticed a manticore
  3805 | D:4      | Reached skill level 5 in Fighting
  3805 | D:4      | Reached skill level 6 in Axes
  4362 | D:4      | Found a transporter.
  4421 | D:4      | Found a shadowy altar of Dithmenos.
  4623 | D:5      | Entered Level 5 of the Dungeon
  4636 | D:5      | Reached XP level 7. HP: 43/61 MP: 7/7
  4850 | D:5      | Reached skill level 7 in Axes
  4850 | D:5      | Reached skill level 5 in Armour
  4850 | D:5      | Reached skill level 5 in Shields
  5575 | D:5      | Reached XP level 8. HP: 40/70 MP: 8/8
  5920 | D:5      | Reached skill level 8 in Axes
  6535 | D:6      | Reached skill level 9 in Axes
  6556 | D:6      | Found a radiant altar of Vehumet.
  6558 | D:6      | Found an opulent altar of Gozag.
  6569 | D:6      | Found an ornate altar of the Wu Jian Council.
  6799 | D:6      | Found a stormy altar of Qazlal.
  6809 | D:6      | Became a worshipper of Qazlal Stormbringer
  6868 | D:7      | Found Wigginn's Gadget Shoppe.
  6915 | D:7      | Reached skill level 1 in Invocations
  6947 | D:7      | Found the +0 pair of fencer's gloves {Riposte Dex+3}
  7067 | D:7      | Noticed an orc sorcerer
  7079 | D:7      | Killed an orc sorcerer
  7079 | D:7      | Reached XP level 9. HP: 17/79 MP: 8/10
  7120 | D:7      | Reached skill level 10 in Axes
  7682 | D:7      | Found a staircase to the Ecumenical Temple.
  7844 | D:7      | Reached * piety under Qazlal
  7918 | D:7      | Reached skill level 11 in Axes
  8042 | D:7      | Found an ancient bone altar of Kikubaaqudgha.
  8095 | D:7      | Reached XP level 10. HP: 82/88 MP: 13/13
  8432 | D:8      | Reached skill level 5 in Invocations
  8970 | D:8      | Reached ** piety under Qazlal
  9420 | D:8      | Reached skill level 12 in Axes
  9567 | D:8      | Found a stormy altar of Qazlal.
  9644 | D:8      | Identified a scroll of acquirement
  9827 | D:8      | Identified the cursed +2 flail of Fate {distort, rElec
                  | SInv}
 10127 | D:9      | Noticed a two-headed ogre
 10132 | D:9      | Killed a two-headed ogre
 10132 | D:9      | Reached XP level 11. HP: 90/97 MP: 14/16
 10246 | D:9      | Noticed a two-headed ogre
 10247 | D:9      | Reached *** piety under Qazlal
 10249 | D:9      | Killed a two-headed ogre
 10249 | D:9      | Reached skill level 13 in Axes
 10353 | D:9      | Found Oshrycroi's General Store.
 10359 | D:9      | Bought a potion of invisibility for 104 gold pieces
 10359 | D:9      | Bought a +2 helmet for 214 gold pieces
 10455 | D:9      | Noticed a two-headed ogre
 10458 | D:9      | Killed a two-headed ogre
 10657 | D:10     | Entered Level 10 of the Dungeon
 10953 | D:10     | Noticed a two-headed ogre
 10957 | D:10     | Killed a two-headed ogre
 11037 | D:10     | Noticed a death yak
 11039 | D:10     | Noticed a death yak
 11040 | D:10     | Noticed a death yak
 11042 | D:10     | Noticed a death yak
 11044 | D:10     | Killed a death yak
 11045 | D:10     | Noticed a death yak
 11045 | D:10     | Noticed Josephine
 11048 | D:10     | Killed a death yak
 11048 | D:10     | Reached skill level 10 in Fighting
 11048 | D:10     | Reached skill level 14 in Axes
 11050 | D:10     | Killed a death yak
 11055 | D:10     | Killed a death yak
 11055 | D:10     | Reached XP level 12. HP: 52/106 MP: 18/18
 11061 | D:10     | Reached **** piety under Qazlal
 11066 | D:10     | Killed a death yak
 11071 | D:10     | Killed Josephine
 11140 | D:10     | Noticed a two-headed ogre
 11147 | D:10     | Killed a two-headed ogre
 11378 | D:10     | Found a staircase to the Lair.
 11639 | D:10     | Found a portal to a secret trove of treasure.
 11781 | Lair:1   | Entered Level 1 of the Lair of Beasts
 11781 | Lair:1   | Found an ornate altar of the Wu Jian Council.
 11813 | Lair:1   | Reached skill level 15 in Axes
 11942 | Lair:1   | Reached skill level 10 in Shields
 11992 | Lair:1   | Reached skill level 10 in Armour
 12176 | Lair:1   | Noticed Grum
 12186 | Lair:1   | Killed Grum
 12190 | Lair:1   | Reached ***** piety under Qazlal
 12716 | Lair:2   | Noticed a seven-headed hydra
 12727 | Lair:2   | Killed a 12-headed hydra
 12842 | Lair:2   | Identified the cursed +0 halberd of Prudence {drain, *Drain
                  | +Inv rPois Int+4}
 12848 | Lair:2   | Reached skill level 10 in Invocations
 12848 | Lair:2   | Reached XP level 13. HP: 111/116 MP: 20/20
 12893 | Lair:2   | Found a staircase to the Snake Pit.
 12961 | Lair:2   | Reached skill level 16 in Axes
 13080 | Lair:2   | Noticed Nergalle
 13091 | Lair:2   | Killed Nergalle
 13422 | Lair:2   | You fall into a shaft and drop 1 floor!
 14549 | Lair:4   | Reached skill level 17 in Axes
 14552 | Lair:4   | Reached ****** piety under Qazlal
 15238 | Lair:4   | Found a staircase to the Shoals.
 16056 | Lair:6   | Entered Level 6 of the Lair of Beasts
 16153 | Lair:6   | Reached XP level 14. HP: 103/126 MP: 22/22
 16177 | Lair:6   | Noticed Kirke
 16197 | Lair:6   | Slain by a dream sheep

Illustrated notes

Levels and vault maps discovered:
D:1:      eino_arrival_cavern_b, layout_loops_cross
D:2:      layout_loops_corners, first_ration, minmay_gold_behind_fungi
D:3:      layout_loops_corners, minmay_misc_feat_five, tso_metal_star
D:4:      minmay_bubble_buster, layout_loops_ring,
          gammafunk_temple_overflow_arena, grunt_dithmenos_smoke
D:5:      layout_gridville
D:6:      layout_cave_pools, lemuel_coloured_pillars_altar,
          kennysheep_mini_moat, chequers_temple_overflow_statue_of_worship
D:7:      cheibrodos_wizards_tower, layout_basic,
          lemuel_mausoleum_altar_kikubaaqudgha, minmay_temple_entry_butterflies,
          serial_shops, nicolae_shop_trees
D:8:      layout_loops_ring, david_nohive_1, nicolae_qazlal_style_of_elements
D:9:      layout_roguey, serial_shops, shop
D:10:     layout_roguey, dpeg_lair_monsters, nicolae_trove_entry_path_of_doom,
          uniq_josephine
Lair:1:   layout_gridlike, basic_altar, minmay_lair_oklob_bushes,
          grunt_megastairs_1, uniq_grum
Lair:2:   layout_long_grid, minmay_snake_entry_guardpost_small,
          serial_bayou_ford_a, ice2_lemuel, uniq_nergalle
Lair:3:   layout_regular_city
Lair:4:   layout_cave_shapes, minmay_shoals_entry_beasts,
          nicolae_quartered_pool_little
Lair:5:   layout_regular_city, infiniplex_staircase_pool, lemuel_fruit_tree
Lair:6:   cheibrodos_lair_end_hotspot, layout_gridlike,
          minmay_slime_entry_oklob_enclosed, minmay_lair_oklob_chamber,
          uniq_kirke

Skill      XL: |  1  2  3  4  5  6  7  8  9 10 11 12 13 |
---------------+----------------------------------------+-----
Axes           | 3 4 5 6 7 9 11 12 14 15 17 | 17.7
Fighting       | 4 5 6 7 8 9 10 11 12 | 12.5
Armour         | 4 5 6 7 8 9 10 11 | 11.5
Shields        | 4 5 6 7 8 9 10 11 | 11.5
Invocations    | 2 4 6 8 10 11 | 11.7

Action                   |  1- 3 |  4- 6 |  7- 9 | 10-12 | 13-15 || total
-------------------------+-------+-------+-------+-------+-------++-------
Melee: War axe           |   114 |   264 |   304 |   176 |       ||   858
       Broad axe         |       |       |       |   241 |   241 ||   482
       Unarmed           |       |       |       |       |     1 ||     1
Evoke: Wand              |       |       |     1 |     1 |       ||     2
  Use: Scroll            |       |       |    14 |    14 |     7 ||    35
       Potion            |       |       |       |     3 |     1 ||     4
  Eat: Chunk             |     2 |     9 |     9 |    12 |     5 ||    37
       Ration            |       |       |     1 |     2 |     1 ||     4
Armor: Scale mail        |    46 |   104 |    46 |       |       ||   196
       Chain mail        |       |       |    73 |    47 |       ||   120
       Skin              |       |       |       |    15 |     1 ||    16
       Plate armour      |       |       |       |    63 |    62 ||   125
Dodge: Dodged            |    36 |    43 |    30 |    32 |    29 ||   170
       Repelled          |       |       |       |       |     2 ||     2
Block: Kite shield       |    32 |       |       |       |       ||    32
       Tower shield      |    41 |   183 |   253 |   380 |   184 ||  1041
       Other             |       |       |       |       |     1 ||     1
       Rpst.: War axe    |       |       |     5 |     5 |       ||    10
       Broad axe         |       |       |       |     2 |     3 ||     5

Table legend:
 A = Non-vault XP
 B = Vault XP
 C = Vault XP percentage of total XP
 D = Non-vault monster count
 E = Vault monster count
 F = Vault count percentage of total count
                 A         B        C        D         E       F
            +---------+---------+-------+---------+---------+-------
      Total |   44290 |   18240 |  29.2 |     368 |      81 |  18.0
            +---------+---------+-------+---------+---------+-------
        D:1 |      31 |       0 |   0.0 |      22 |       0 |   0.0
        D:2 |      84 |       0 |   0.0 |      24 |       0 |   0.0
        D:3 |     150 |       0 |   0.0 |      26 |       0 |   0.0
        D:4 |     207 |     138 |  40.0 |      11 |       4 |  26.7
        D:5 |     833 |       0 |   0.0 |      24 |       0 |   0.0
        D:6 |     645 |       0 |   0.0 |      13 |       0 |   0.0
        D:7 |    1729 |    1505 |  46.5 |      37 |      13 |  26.0
        D:8 |    1200 |    1307 |  52.1 |      23 |      17 |  42.5
        D:9 |    4674 |       0 |   0.0 |      33 |       0 |   0.0
       D:10 |    3605 |    7158 |  66.5 |      28 |      13 |  31.7
     Lair:1 |    5043 |     615 |  10.9 |      22 |       5 |  18.5
     Lair:2 |    4142 |    3395 |  45.0 |      16 |      17 |  51.5
     Lair:3 |    3009 |       0 |   0.0 |      16 |       0 |   0.0
     Lair:4 |    9371 |     806 |   7.9 |      42 |       2 |   4.5
     Lair:5 |    2130 |       0 |   0.0 |      10 |       0 |   0.0
     Lair:6 |    7437 |    3316 |  30.8 |      21 |      10 |  32.3
            +---------+---------+-------+---------+---------+-------
